 Dungeon Crawl Stone Soup version 0.24.0-37-gcf1ca852f1 (webtiles) character file.

Game seed: 7129229661618546421, levelgen mode: deterministic

11585 NochnoyZador the Carver (level 11, -10/74 HPs)
             Began as an Octopode Gladiator on Nov 23, 2019.
             Was a Priest of Dithmenos.
             Mangled by an orc warrior
             ... wielding a +0 spear
              (21 damage)
             ... in a bailey.
             The game lasted 00:53:39 (14185 turns).

NochnoyZador the Carver (Octopode Gladiator)       Turns: 14185, Time: 00:53:39

Health: -10/74     AC:  1    Str: 11    XL:     11   Next: 80%
Magic:  16/16      EV: 17    Int: 10    God:    Dithmenos [***...]
Gold:   520        SH:  0    Dex: 15    Spells: 8/10 levels left

rFire    + . .     SeeInvis +   s - +4 long sword (elec)
rCold    . . .     Gourm    .   (no shield)
rNeg     . . .     Faith    .   b - +0 hat
rPois    .         Spirit   .   (no amulet)
rElec    .         Reflect  .   (no ring)
rCorr    +         Harm     .   x - ring of resist corrosion
MR       .....                  P - ring of stealth
Stlth    +++++++++.             K - ring "Yvuitef" {rF+ rCorr Str-5 Slay+5 SInv}
HPRegen  0.22/turn              (no ring)
MPRegen  0.15/turn              (no ring)
                                (no ring)
                                (no ring)

@: wreathed by umbra
A: almost no armour, stealthy swim, amphibious, 8 rings, constrict 8, camouflage
1, gelatinous body 1
a: Shadow Step, Renounce Religion


You were in a bailey.
You worshipped Dithmenos.
Dithmenos was most pleased with you.
You were not hungry.

You visited 2 branches of the dungeon, and saw 11 of its levels.
You also visited: Sewer and Bailey.

You collected 641 gold pieces.
You spent 121 gold pieces at shops.

Inventory:

Hand Weapons
 j - a +0 short sword
 l - a +2 dagger of draining
 s - a +4 long sword of electrocution (weapon)
 O - a +2 short sword of freezing
 R - a +1 falchion of holy wrath
Missiles
 c - 4 throwing nets
 e - 79 poisoned darts
 h - 258 stones (quivered)
 n - 74 sling bullets
 t - 233 arrows
 y - 4 silver javelins
 N - 2 boomerangs
 T - 249 bolts
Armour
 b - a +0 hat (worn)
Magical Staves
 B - an uncursed staff of power
 G - an uncursed staff of death
Jewellery
 x - a ring of resist corrosion (right tentacle)
 z - an uncursed ring of fire
 K - the ring "Yvuitef" (on tentacle) {rF+ rCorr Str-5 Slay+5 SInv}
   (You found it on level 6 of the Dungeon)

   [ring of resist corrosion]

   It affects your strength (-5).
   It affects your accuracy and damage with ranged weapons and melee attacks
   (+5).
   It protects you from fire.
   It lets you see invisible.
   It provides partial protection from all sources of acid and corrosion.
 P - a ring of stealth (on tentacle)
Wands
 u - a wand of polymorph (7)
 F - a wand of clouds (7)
 Q - a wand of acid (11)
Scrolls
 a - 2 scrolls of fear {unknown}
 f - a scroll of fog
 g - a scroll of identify
 o - a scroll of vulnerability {unknown}
 p - 5 scrolls of remove curse
 q - 2 scrolls of teleportation {unknown}
 r - 2 scrolls of immolation {unknown}
 C - a scroll of blinking {unknown}
 J - 2 scrolls of amnesia {unknown}
Potions
 k - 2 potions of lignification
 m - 3 potions of flight
 v - 3 potions of berserk rage
 w - a potion of heal wounds
 A - 3 potions of ambrosia
 D - a potion of agility
 E - a potion of resistance {unknown}
 H - 2 potions of haste {unknown}
 L - a potion of invisibility {unknown}
 M - a potion of magic {unknown}
 S - 2 potions of cancellation {unknown}
Miscellaneous
 I - a box of beasts
 U - a phantom mirror
Comestibles
 d - 18 rations
 i - 9 chunks of flesh


   Skills:
 + Level 6.6 Fighting
 + Level 11.4 Long Blades
 - Level 6.0 Throwing
 + Level 6.9 Dodging
 + Level 9.2 Stealth
 - Level 5.0 Invocations
 + Level 6.8 Evocations


You had 8 spell levels left.
You knew the following spells:

 Your Spells              Type           Power        Failure   Level  Hunger
a - Sticks to Snakes      Tmut           #.......     50%         2    ###....

Your spell library contained the following spells:

 Spells                   Type           Power        Failure   Level  Hunger
 Beastly Appendage        Tmut           #.....       36%         1    ##.....
 Spider Form              Tmut/Pois      #.........   75%         3    ####...
 Ice Form                 Ice/Tmut       #.......     98%         4    #####..
 Blade Hands              Tmut           #.........   100%        5    ######.


Dungeon Overview and Level Annotations

Branches:
Dungeon (10/15)            Temple (1/1) D:4           Sewer (visited)
 Bailey (1/1)
   Lair: D:8-11         Orc: D:9-12

Altars:
Ashenzari
Cheibriados
Dithmenos
Elyvilon
Fedhas
Gozag
Hepliaklqana
Kikubaaqudgha
Makhleb
Nemelex Xobeh
Okawaru
Qazlal
Ru
Sif Muna
Trog
Uskayaw
Vehumet
Wu Jian
Xom
Yredelemnul
Zin
The Shining One

Shops:
D:4 **:*


Innate Abilities, Weirdness & Mutations

You cannot wear most types of armour.
You are very stealthy in the water. (Stealth+)
You are amphibious.
You can wear up to eight rings at the same time.
You can use your tentacles to constrict eight enemies at once.
Your skin changes colour to match your surroundings (Stealth+).
Your rubbery body absorbs attacks. (AC +1, EV +1)


Message History

The orc warrior barely misses you. x2
The orc warrior hits you with a +3 spear!
You slash the orc warrior!
The orc warrior is moderately wounded.
You constrict the orc warrior, but do no damage.
The orc warrior hits you with a +0 spear!!
* * * LOW HITPOINT WARNING * * *
The orc warrior hits you but does no damage.
The orc warrior closely misses you.
You feel much better.
You constrict the orc warrior.
The orc warrior hits you with a +0 spear!
* * * LOW HITPOINT WARNING * * *
The orc warrior hits you with a +3 spear!
* * * LOW HITPOINT WARNING * * *
The orc warrior hits you from afar with a cursed -1 trident.
* * * LOW HITPOINT WARNING * * *
As you read the scroll of fog, it crumbles to dust.
The scroll dissolves into smoke.
You constrict the orc warrior.
The orc warrior hits you with a +0 spear!!
You die...

..≈≈#.#≈≈..... ....≈≈#.#≈≈..
...≈≈≈≈≈....#########....≈≈≈≈≈...
...........##.......##...........
..........##..#'#'#..##..........
..........#..##)#)##..#..........
.........##.#########.##.........
.........##.')#o§§#)'.##.........
.........##.###o8o###.##.........
.........##.')#§@§#)'.##.........
.........##.####§####.##.........
.........##..##§§§##..#..........
.............##'''#..##..........
.............##.....##...........
...≈≈≈≈≈.....##....##....≈≈≈≈≈...
..≈≈#.#≈≈....#######....≈≈#)#≈≈..
..≈##)∩#≈...............≈#∩.##≈..
..≈.)^.)≈...............≈..^.)≈..


You could see 3 orc warriors.

Vanquished Creatures
  4 two-headed ogres
  An orc knight (Bailey)
  An ugly thing (D:9)
  2 centaur zombies
  A troll (D:9)
  A hornet (D:9)
  2 hippogriffs
  A vampire (D:9)
  A hungry ghost (D:7)
  Grum (D:8)
  A steam dragon (D:8)
  2 sky beasts
  A black bear (D:8)
  13 orc warriors
  2 necrophages
  3 ice beasts
  6 phantoms
  4 wolves (D:8)
  9 centaurs
  7 ogres
  A crocodile (Sewer)
  2 bullfrogs
  6 scorpions
  8 wights
  4 howler monkeys
  A crimson imp (D:6)
  A bullfrog zombie (D:8)
  5 orc priests
  3 jellies
  9 orc wizards
  6 hounds
  2 iguanas (D:7)
  A bullfrog skeleton (D:5)
  A centaur skeleton (D:9)
  8 worker ants
  A hound zombie (D:9)
  3 worker ant zombies
  13 adders
  4 gnolls (D:9)
  4 river rats (D:4)
  6 worms
  A dart slug (D:2)
  4 leopard geckos
  55 orcs
  9 giant cockroaches
  8 hobgoblins
  17 jackals
  3 quokkas
  4 ball pythons
  12 bats
  7 frilled lizards
  6 goblins
  A jackal skeleton (D:6)
  9 kobolds
  A quokka zombie (D:7)
  7 rats
296 creatures vanquished.

Notes
Turn   | Place    | Note
-------+----------+-------------------------------------------
     0 | D:1      | NochnoyZador the Octopode Gladiator began the quest for the
                  | Orb.
     0 | D:1      | Reached XP level 1. HP: 14/14 MP: 1/1
   112 | D:1      | Reached XP level 2. HP: 12/19 MP: 2/2
   483 | D:1      | Reached skill level 4 in Long Blades
   578 | D:1      | Reached XP level 3. HP: 14/24 MP: 3/3
  1407 | D:2      | Reached XP level 4. HP: 29/29 MP: 4/4
  1445 | D:2      | Noticed a centaur
  1449 | D:2      | Killed a centaur
  1449 | D:2      | Reached skill level 5 in Long Blades
  1449 | D:2      | Reached XP level 5. HP: 18/34 MP: 5/5
  1608 | D:2      | Found a sparkling altar of Nemelex Xobeh.
  1984 | D:2      | Found a shimmering blue altar of Sif Muna.
  2098 | D:3      | Reached skill level 6 in Long Blades
  2103 | D:3      | HP: 1/34 [orc wizard/+0 dagger (7)]
  2475 | D:3      | Reached XP level 6. HP: 39/39 MP: 6/6
  2881 | D:3      | Found a bloodstained altar of Trog.
  3249 | D:4      | Found an iron altar of Okawaru.
  3276 | D:4      | Reached skill level 7 in Long Blades
  3530 | D:4      | Found a glowing drain.
  3540 | Sewer    | Entered a sewer
  3584 | Sewer    | Reached XP level 7. HP: 39/45 MP: 7/7
  3787 | D:4      | Found a staircase to the Ecumenical Temple.
  3829 | D:4      | Reached skill level 8 in Long Blades
  3840 | Temple   | Entered the Ecumenical Temple
  3854 | Temple   | Became a worshipper of Dithmenos the Shadowed
  3986 | D:4      | Found Geomno's Book Boutique.
  3989 | D:4      | Found Iqotarph's Assorted Antiques.
  3995 | D:4      | Found Boomna's Assorted Antiques.
  3995 | D:4      | Found Amopt's Assorted Antiques.
  4011 | D:4      | Bought a scroll labeled WYSSIAXKOKK for 26 gold pieces
  4011 | D:4      | Bought a glowing brown potion for 23 gold pieces
  4011 | D:4      | Bought a scroll labeled ICRACO FAER for 26 gold pieces
  4011 | D:4      | Bought a silvery potion for 23 gold pieces
  4011 | D:4      | Bought a sapphire potion for 23 gold pieces
  4416 | D:5      | Entered Level 5 of the Dungeon
  4462 | D:5      | Reached skill level 9 in Long Blades
  4530 | D:5      | Reached XP level 8. HP: 45/50 MP: 8/8
  4639 | D:5      | Reached skill level 1 in Stealth
  4648 | D:5      | Reached skill level 1 in Invocations
  4648 | D:5      | Reached skill level 1 in Evocations
  5054 | D:5      | HP: 2/50 [sky beast (6)]
  5713 | D:6      | Found a sacrificial altar of Ru.
  6001 | D:6      | Got a smoking lead ring
  6138 | D:6      | Reached skill level 10 in Long Blades
  6459 | D:6      | Reached XP level 9. HP: 46/56 MP: 10/10
  6490 | D:6      | Found a burning altar of Makhleb.
  6490 | D:6      | Found a radiant altar of Vehumet.
  6891 | D:6      | Found a basalt altar of Yredelemnul.
  7106 | D:7      | Reached * piety under Dithmenos
  7428 | D:7      | Reached skill level 5 in Stealth
  7848 | D:7      | Identified the ring "Yvuitef" {rF+ rCorr Str-5 Slay+5 SInv}
                  | (You found it on level 6 of the Dungeon)
  7905 | D:7      | Reached XP level 10. HP: 60/64 MP: 11/13
  8200 | D:7      | Reached ** piety under Dithmenos
  8250 | D:7      | Reached skill level 5 in Dodging
  8386 | D:8      | Noticed a two-headed ogre
  8393 | D:8      | HP: 1/65 [two-headed ogre/cursed -2 giant club (18)]
  8394 | D:8      | Killed a two-headed ogre
  9001 | D:8      | Noticed a two-headed ogre
  9006 | D:8      | Killed a two-headed ogre
  9006 | D:8      | Reached skill level 5 in Fighting
  9006 | D:8      | Reached skill level 5 in Throwing
  9024 | D:8      | Noticed Grum
  9026 | D:8      | Reached skill level 5 in Evocations
  9031 | D:8      | Reached skill level 5 in Invocations
  9039 | D:8      | Killed Grum
  9798 | D:8      | Reached XP level 11. HP: 20/72 MP: 15/15
  9800 | D:8      | Reached *** piety under Dithmenos
 10330 | D:9      | Noticed a white ugly thing
 10339 | D:9      | Killed a white ugly thing
 10339 | D:9      | Reached skill level 11 in Long Blades
 10488 | D:9      | Learned a level 2 spell: Sticks to Snakes
 10866 | D:9      | Noticed a two-headed ogre
 11115 | D:9      | Killed a two-headed ogre
 12137 | D:10     | Entered Level 10 of the Dungeon
 12178 | D:10     | Noticed a two-headed ogre
 12182 | D:10     | Killed a two-headed ogre
 12188 | D:10     | Found a flagged portal.
 12196 | D:10     | Reached **** piety under Dithmenos
 12213 | Bailey   | Entered a bailey
 14175 | Bailey   | Noticed an orc knight
 14180 | Bailey   | Killed an orc knight
 14185 | Bailey   | Mangled by an orc warrior

Levels and vault maps discovered:
D:1:      minmay_arrival_diagonal_passages, layout_loops_cross
D:2:      layout_loops_cross, lemuel_crystal_altar, serial_glass,
          glass_columns_b, glass_columns_a, first_ration,
          nemelex_diamond_rough_becter
D:3:      layout_basic, kennysheep_cross_room, bloody_trog
D:4:      layout_loops_ring, overflow_temple_1_default,
          minmay_temple_entry_mini_moons, lightli_sewer_entry_pipes,
          minmay_shop_grid_forest
D:5:      layout_cave_pods, minmay_checkerbox
D:6:      layout_basic, grunt_temple_overflow_lords_of_destruction,
          yredelemnul_altar_generic, lemuel_crystal_altar
D:7:      layout_gridville
D:8:      layout_basic, grunt_ogre_cave, uniq_grum
D:9:      layout_loops_ring
D:10:     layout_basic, grunt_lair_entry_orc_guard_hut, hiddenorc1_lemuel,
          serial_shops, nicolae_shop_behind_doors, enter_bailey_4, uniq_fannar
Temple:   nicolae_temple_elliptical
Bailey:   bailey_polearm_2, bailey

Skill      XL: |  1  2  3  4  5  6  7  8  9 10 11 |
---------------+----------------------------------+-----
Long Blades    | 4 5 6 7 9 10 11 | 11.4
Stealth        | 3 5 7 9 |  9.2
Invocations    | 2 3 5 |  5.0
Evocations     | 2 4 5 6 |  6.8
Throwing       | 3 4 5 6 |  6.0
Fighting       | 3 4 5 6 |  6.6
Dodging        | 4 5 6 |  6.9

Action                   |  1- 3 |  4- 6 |  7- 9 | 10-12 || total
-------------------------+-------+-------+-------+-------++-------
Melee: Long sword        |    71 |    90 |   169 |   216 ||   546
       Constrict         |    21 |    28 |    23 |    51 ||   123
       Tentacles         |    13 |    16 |    37 |    37 ||   103
Throw: Stone             |       |    17 |       |   164 ||   181
       Javelin           |       |     2 |    20 |    10 ||    32
Invok: Shadow Step       |       |       |       |     1 ||     1
Evoke: Wand              |       |       |       |     1 ||     1
  Use: Scroll            |       |     6 |     5 |     3 ||    14
       Potion            |       |       |     2 |     1 ||     3
 Stab: Sleeping          |    10 |    11 |     9 |    34 ||    64
       Distracted        |       |       |     1 |     3 ||     4
  Eat: Chunk             |     1 |     7 |    14 |    13 ||    35
       Ration            |       |       |     1 |     2 ||     3
Armor: Skin              |     7 |     5 |     4 |     3 ||    19
Dodge: Dodged            |    50 |    59 |    98 |   193 ||   400
       Rpst.: Long sword |    12 |    17 |    33 |    34 ||    96
